AoeStats
← AKI :D

Arabia

508834973Analyzed
2v2 RM · 10d ago on Sep 24, 2026· 43m 55s· 4 players
Game mode
Random Map
Map size
Medium (4 player)
Population
200
Speed
Normal
Resources
Standard
Victory
Conquest
Starting age
Dark Age
Ending age
Imperial Age
RankedLock teamsTeams togetherTeam positionsShared explorationLock speedFull tech treeHidden civsTurbo modeCheats
Victory
Defeat
1093
+17
1082
+18
🇫🇮 Magyars · Finland
1134
-18
🇦🇺 Varangians · Australia
1107
-17
Mick The Brick
10:27 Feudal Age
11:17 Double-Bit Axe
13:53 Scale Barding Armor
14:00 Forging
14:58 Bloodlines
17:05 Horse Collar
23:06 Castle Age
27:11 Gold Mining
27:34 Bow Saw
27:26 Heavy Plow
28:34 Fletching
AKI :D
6:58 Loom
9:36 Feudal Age
11:04 Double-Bit Axe
14:13 Horse Collar
24:26 Castle Age
23:09 Fletching
23:20 Padded Archer Armor
24:12 Bloodlines
24:11 Gold Mining
26:22 Bow Saw
28:08 Bodkin Arrow
WØL | King Levi the First
9:41 Feudal Age
8:38 Loom
17:49 Fletching
18:15 Double-Bit Axe
27:41 Castle Age
25:51 Gold Mining
26:05 Padded Archer Armor
27:47 Crossbowman
28:25 Bodkin Arrow
29:53 Stone Mining
29:52 Horse Collar
30:26 Bow Saw
33:29 Gold Shaft Mining
33:23 Leather Archer Armor
37:08 Imperial Age
35:08 Ballistics
36:33 Wheelbarrow
35:43 Town Watch
37:46 Town Patrol
38:02 Hand Cart
39:22 Chemistry
40:07 Capped Ram
41:23 Arbalester
42:39 Bracer
43:47 Heavy Plow
43:32 Treadmill Crane
44:34 Yeomen
WØL | Sir Luis the Third
6:54 Loom
9:01 Feudal Age
9:53 Double-Bit Axe
10:41 Horse Collar
15:18 Scale Barding Armor
18:07 Bloodlines
18:51 Forging
23:20 Castle Age
21:13 Gold Mining
24:27 Chain Barding Armor
24:43 Iron Casting
24:25 Bow Saw
24:17 Heavy Plow
24:19 Husbandry
30:03 Fletching
38:35 Imperial Age
38:11 Town Watch
39:17 Cavalier
40:33 Plate Barding Armor
40:59 Blast Furnace
44:54 Ballistics
45:34 Chemistry
44:30 Murder Holes
44:40 Siege Engineers
Connection lost

Rejoining the realm…

Still unreachable

The connection could not be restored.

Session expired

The server has moved on; the page needs a fresh start.